AoeStats
← danjo

Highland

506799152Analyzed
4v4 RM · 17d ago on Sep 15, 2026· 52m 57s· 8 players
Game mode
Random Map
Map size
Large (8 player)
Population
200
Speed
Normal
Resources
Standard
Victory
Conquest
Starting age
Dark Age
Ending age
Imperial Age
RankedLock teamsTeams togetherTeam positionsShared explorationLock speedFull tech treeHidden civsTurbo modeCheats
Victory
Defeat
🇲🇽 Dravidians · Mexico
1234
+13
🇦🇷 Mongols · Argentina
1227
+14
🇲🇽 Persians · Mexico
1203
+15
🇦🇷 Bohemians · Argentina
1138
+17
🇨🇳 Persians · China
1240
-17
🇲🇽 Aztecs · Mexico
1183
-15
🇦🇺 Huns · Australia
1146
-14
🇩🇪 Malians · Germany
1123
-13
F. King Nub
0:41 Loom
14:35 Feudal Age
15:32 Gold Mining
15:28 Double-Bit Axe
17:31 Horse Collar
23:45 Fletching
28:18 Castle Age
26:42 Stone Mining
32:36 Heavy Plow
35:46 Stone Shaft Mining
35:57 Gold Shaft Mining
37:50 Wheelbarrow
38:53 Stone Shaft Mining
39:01 Hand Cart
40:05 Town Watch
40:24 Scale Mail Armor
40:34 Forging
41:40 Chain Mail Armor
42:03 Town Patrol
43:10 Iron Casting
43:23 Sanctity
43:54 Fervor
43:30 Pikeman
AbIGwAteRmElOn
5:33 Loom
11:57 Feudal Age
12:31 Horse Collar
13:28 Town Watch
14:18 Wheelbarrow
20:04 Castle Age
18:42 Double-Bit Axe
18:53 Gold Mining
20:08 Bloodlines
20:10 Forging
20:06 Scale Barding Armor
21:34 Husbandry
26:18 Iron Casting
28:56 Hand Cart
29:25 Chain Barding Armor
32:49 Gold Shaft Mining
32:09 Stone Mining
35:37 Imperial Age
35:29 Fletching
36:01 Town Patrol
36:09 Marauders
37:11 Conscription
36:47 Cavalier
38:52 Blast Furnace
38:28 Plate Barding Armor
38:15 Bow Saw
40:32 Elite Tarkan
44:24 Light Cavalry
danjo
11:11 Feudal Age
16:39 Castle Age
19:14 Loom
26:06 Fletching
33:56 Scale Mail Armor
34:06 Forging
39:14 Imperial Age
39:12 Bodkin Arrow
39:46 Elite Skirmisher
40:32 Thumb Ring
40:29 Padded Archer Armor
40:47 Gold Mining
46:23 Chemistry
46:50 Conscription
52:15 Elite Gbeto
jinzhi
11:45 Feudal Age
15:35 Castle Age
14:01 Double-Bit Axe
14:00 Horse Collar
19:17 Bow Saw
19:08 Gold Mining
20:21 Wheelbarrow
20:34 Scale Barding Armor
20:39 Forging
22:33 Chain Barding Armor
23:42 Bloodlines
24:58 Husbandry
25:17 Heavy Plow
29:13 Hand Cart
28:43 Town Watch
28:47 Loom
38:57 Imperial Age
38:24 Gold Shaft Mining
37:41 Stone Mining
39:54 Guilds
40:59 Block Printing
40:32 Cavalier
40:34 Heavy Camel Rider
42:46 Theocracy
44:11 Plate Barding Armor
44:12 Iron Casting
47:13 Fervor
48:28 Chemistry
arky8a
3:56 Loom
13:34 Feudal Age
18:24 Castle Age
16:27 Fletching
17:41 Scale Mail Armor
17:52 Forging
17:29 Fishing Lines
17:41 Double-Bit Axe
17:40 Horse Collar
19:05 Bodkin Arrow
20:02 Heavy Plow
22:17 Medium Warships
22:46 Town Watch
31:09 Bow Saw
30:24 Pikeman
31:04 Squires
31:23 Chain Mail Armor
34:18 Iron Casting
37:21 Imperial Age
35:29 Wheelbarrow
36:36 Gambesons
36:40 Arson
38:22 Hand Cart
39:11 Chemistry
38:26 Gold Mining
38:28 Stone Mining
38:16 Halberdier
43:30 Plate Mail Armor
44:00 Blast Furnace
43:22 Wootz Steel
43:23 Conscription
44:58 Two-Man Saw
46:26 Husbandry
45:46 Light Cavalry
46:33 Scale Barding Armor
46:31 Bracer
46:49 Elite Cannon Galleon
50:07 Medical Corps
49:23 Elite Urumi Swordsman
50:54 Ballistics
50:32 Murder Holes
50:49 Masonry
51:04 Shipwright
52:41 Chain Barding Armor
CapitanRexMx
9:05 Loom
13:34 Feudal Age
14:19 Double-Bit Axe
17:41 Horse Collar
20:59 Castle Age
19:33 Bloodlines
19:37 Scale Barding Armor
19:42 Forging
19:35 Gold Mining
21:53 Bow Saw
22:03 Husbandry
28:28 Wheelbarrow
28:35 Heavy Plow
28:56 Town Watch
29:46 Chain Barding Armor
29:40 Light Cavalry
32:34 Hand Cart
32:32 Caravan
35:42 Imperial Age
34:49 Iron Casting
35:08 Town Patrol
37:41 Two-Man Saw
37:12 Crop Rotation
38:21 Plate Barding Armor
38:46 Blast Furnace
38:11 Conscription
37:42 Elite War Elephant
38:59 Heavy Camel Rider
43:54 Gold Shaft Mining
43:09 Stone Mining
44:46 Hoardings
44:23 Citadels
48:28 Hussar
49:52 Fletching
50:40 Bodkin Arrow
51:19 Padded Archer Armor
Gastonys
7:20 Loom
10:42 Feudal Age
12:00 Double-Bit Axe
16:10 Horse Collar
22:06 Castle Age
20:43 Fletching
21:15 Forging
23:03 Wheelbarrow
25:10 Scale Mail Armor
25:45 Iron Casting
25:29 Pikeman
26:10 Squires
25:55 Arson
27:31 Arson
31:27 Heavy Plow
31:39 Bow Saw
33:01 Hand Cart
38:51 Imperial Age
37:10 Chain Mail Armor
39:10 Chemistry
37:51 Treadmill Crane
39:38 Siege Engineers
39:06 Halberdier
41:26 Two-Man Saw
41:19 Town Watch
41:05 Houfnice
46:01 Plate Mail Armor
47:05 Bodkin Arrow
felixaleman1010
7:30 Loom
9:49 Feudal Age
10:48 Double-Bit Axe
20:28 Castle Age
19:45 Horse Collar
20:57 Crossbowman
21:45 Thumb Ring
22:44 Demolition Ship
26:04 Fletching
26:29 Pikeman
27:57 Bow Saw
28:20 Bodkin Arrow
29:12 Scale Barding Armor
29:18 Forging
30:07 Scale Mail Armor
30:17 Forging
31:18 Squires
31:53 Padded Archer Armor
39:30 Ballistics
41:42 Leather Archer Armor
Connection lost

Rejoining the realm…

Still unreachable

The connection could not be restored.

Session expired

The server has moved on; the page needs a fresh start.